 Dungeon Crawl Stone Soup version 0.30.1-3-gfc49f6343a (webtiles) character file.

Game seed: 13188301154973533650

231 Dordric the Magician (level 6, -9/47 HPs)
             Began as a Djinni Fire Elementalist on July 21, 2023.
             Mangled by an ice beast (19 damage)
             ... on level 3 of the Dungeon.
             The game lasted 00:02:33 (2310 turns).

Dordric the Magician (Djinni Fire Elementalist)     Turns: 2310, Time: 00:02:33

Health: -9/47      AC:  3    Str:  7    XL:     6   Next: 24%
Gold:   137        EV: 12    Int: 17    God:
                   SH:  0    Dex: 15

rFire   + + .        k - +0 dagger (venom)
rCold   x . .        (no shield)
rNeg    . . .        a - +0 robe
rPois   ∞            (no helmet)
rElec   .            (no cloak)
rCorr   .            l - +0 pair of gloves
SInv    .            (boots unavailable)
Will    .....        (no amulet)
Stlth   ++           (no ring)
HPRegen 0.27/turn    (no ring)
MPRegen 0.00/turn

%: infuse magic (-10 HP)
@: flying
A: sickness immunity, fire resistance 2, cold vulnerability 1, float, innate
caster, HP casting, extra vitality 1
a: no special abilities


You were on level 3 of the Dungeon.
You visited 1 branch of the dungeon, and saw 3 of its levels.

You collected 137 gold pieces.

Inventory:

Hand Weapons
 k - a +0 dagger of venom (weapon)
Armour
 a - a +0 robe (worn)
 c - a +0 leather armour
 l - a +0 pair of gloves (worn)
Scrolls
 d - 2 scrolls of magic mapping {unknown}
 f - 2 scrolls of enchant armour {unknown}
 g - 3 scrolls of poison {unknown}
 j - 4 scrolls of teleportation {unknown}
 n - a scroll of identify {unknown}
Potions
 b - a potion of lignification {unknown}
 e - a potion of attraction {unknown}
 h - a potion of heal wounds {unknown}
 i - a potion of brilliance {unknown}
 m - a potion of berserk rage {unknown}


   Skills:
 + Level 3.8 Fighting
 - Level 2.1 Dodging
 - Level 1.5 Stealth
 + Level 3.9 Spellcasting


You knew the following spells:

 Your Spells              Type           Power      Damage    Failure   Level
a - Foxfire               Conj/Fire      64%        2x1d7     3%          1
b - Scorch                Fire           32%        2d6       4%          2
c - Volatile Blastmotes   Fire/Tloc      32%        2d12      10%         3
d - Inner Flame           Hex/Fire       16%        N/A       10%         3
e - Flame Wave            Conj/Fire      16%        2d7       30%         4
f - Necrotise             Necr           64%        1d7       3%          1
g - Blink                 Tloc           32%        N/A       4%          2
Your spell library was empty.

Dungeon Overview and Level Annotations

Branches:
Dungeon (3/15)

Altars:
Xom

Shops:
D:1 :   D:3 *


Innate Abilities, Weirdness & Mutations

You are immune to sickness and miasma.
You are immune to poison.
Your flesh is very heat resistant. (rF++)
You are vulnerable to cold. (rC-)
You float through the air rather than walking.
You learn spells naturally, not from books.
Your magical power is your life essence.
You have superior vitality. (+4 MHP)


Message History

You reach down and open the door.
Found a spear.
Found a stone staircase leading up.
There is an open door here.
n - a scroll labelled CISECAL BESE You reach down and open the door.
An endoplasm comes into view.
The endoplasm quivers.
An adder comes into view.
Found a large wooden ring.
The endoplasm barely misses you.
Flames lash the endoplasm.
The endoplasm is heavily wounded.
The endoplasm's fire resistance burns away.
The adder hisses angrily.
The endoplasm misses you.
Flames lash the endoplasm.
The endoplasm is burned terribly!
You kill the endoplasm!
Flames lash the adder.
The adder is moderately wounded.
The adder's fire resistance burns away.
Flames lash the adder.
The adder is burned terribly!
You kill the adder!
An ice beast comes into view.
You can't see any susceptible monsters within range! (Use Z to cast anyway.)
You can't see any susceptible monsters within range! (Use Z to cast anyway.) Flames lash the ice beast.
The ice beast is lightly wounded.
The ice beast's fire resistance burns away.
Flames lash the ice beast but do no damage.
Flames lash the ice beast but do no damage.
The ice beast closely misses you.
Flames lash the ice beast.
The ice beast melts!
The ice beast is moderately wounded.
The ice beast hits you. The ice beast freezes you!!
You feel a terrible chill!
* * * LOW HITPOINT WARNING * * *
You are too injured to fight recklessly!
You are too injured to fight recklessly!
The ice beast attacks as you move away! The ice beast hits you.
* * * LOW HITPOINT WARNING * * *
The ice beast freezes you!!
You feel a terrible chill!
You die...

#.# #.#
#.#
#######..
.=......#
........#
.......Y#
#@# #.#
#.# #.#
#.# #.#
#.# #.#
#.#


You could see an ice beast (combustible).

Vanquished Creatures
  Sigmund (D:2)
  2 adders
  A worm (D:2)
  3 dart slugs
  An orc (D:3)
  3 ball pythons
  4 bats (D:1)
  4 endoplasms
  A giant cockroach (D:1)
  3 goblins (D:1)
  5 hobgoblins
  4 quokkas (D:1)
  10 frilled lizards
42 creatures vanquished.

Vanquished Creatures (others)
  80 foxfires
80 creatures vanquished.

Grand Total: 122 creatures vanquished

Notes
Turn   | Place    | Note
-------+----------+-------------------------------------------
     0 | D:1      | Dordric the Djinni Fire Elementalist began the quest for
                  | the Orb.
     0 | D:1      | Dordric set off with the following spells memorised:
                  | Foxfire, Scorch, Volatile Blastmotes, Inner Flame, Flame
                  | Wave.
     0 | D:1      | Reached XP level 1. HP: 15/15 MP: 0/0
    92 | D:1      | Found Uschacit's Book Boutique.
   168 | D:1      | Reached skill level 1 in Fighting
   168 | D:1      | Reached XP level 2. HP: 20/22 MP: 0/0
   752 | D:1      | Reached XP level 3. HP: 21/27 MP: 0/0
   752 | D:1      | Learned a level 1 spell: Necrotise
  1326 | D:2      | Noticed Sigmund
  1357 | D:2      | HP: 1/28 [something/magic dart (8)]
  1675 | D:2      | Killed Sigmund
  1676 | D:2      | Reached XP level 4. HP: 8/37 MP: 0/0
  1676 | D:2      | Reached XP level 5. HP: 9/41 MP: 0/0
  1676 | D:2      | Learned a level 2 spell: Blink
  1676 | D:2      | Reached XP level 6. HP: 11/47 MP: 0/0
  2182 | D:3      | Found a shimmering altar of Xom.
  2209 | D:3      | Found Qunerr's General Store.
  2304 | D:3      | Noticed an ice beast
  2310 | D:3      | Mangled by an ice beast

Illustrated notes

Levels and vault maps discovered:
D:1:      ncdulo_smallfort, layout_loops_corners, serial_shops,
          nicolae_shop_tiny_statue_garden, hangedman_abyss_or_decor_stabs,
          minmay_lizard_pond
D:2:      layout_rooms, kennysheep_cross_room, minmay_curled_crystal,
          uniq_sigmund
D:3:      layout_basic, xom_teletrap_fun, serial_shops, nicolae_shop_statue_plus

Skill      XL: |  1  2  3 |
---------------+----------+-----
Fighting       | 1 3 |  3.8
Spellcasting   | 3 |  3.9
Dodging        | |  2.1
Stealth        | |  1.5

Action                     |  1- 3 |  4- 6 || total
---------------------------+-------+-------++-------
  Melee: Unarmed           |    14 |       ||    14
   Cast: Foxfire           |    54 |       ||    54
         Scorch            |    25 |    18 ||    43
 Armour: Robe              |     4 |       ||     4
  Dodge: Dodged            |    18 |     3 ||    21
